 Dungeon Crawl Stone Soup version 0.20.1-1-g8b1a95d (webtiles) character file.

1679 letownia2 the Reanimator (level 8, -8/69 HPs)
             Began as a Deep Dwarf Necromancer on Nov 29, 2017.
             Mangled by an ogre
             ... wielding a +0 giant spiked club
              (10 damage)
             ... on level 7 of the Dungeon.
             The game lasted 00:14:07 (3041 turns).

letownia2 the Reanimator (Deep Dwarf Necromancer)   Turns: 3041, Time: 00:14:08

Health: -8/69      AC: 12    Str: 13    XL:     8   Next: 70%
Magic:  1/17       EV: 15    Int: 17    God:
Gold:   189        SH:  0    Dex: 13    Spells: 15/19 levels left

rFire    . . .     SeeInvis .   a - +4 flail (protect)
rCold    . . .     Gourm    .   (no shield)
rNeg     . . .     Faith    .   s - +0 ring mail
rPois    .         Spirit   .   (no helmet)
rElec    .         Reflect  .   (no cloak)
rCorr    .         Harm     .   (no gloves)
MR       +....                  (no boots)
Stlth    +.........             (no amulet)
Regen    0.0/turn               o - +4 ring of evasion
MPRegen  0.2/turn               (no ring)

@: protection aura, non-regenerating
A: damage resistance, heal wounds, sense surroundings 1, no regeneration
a: Heal Wounds


You were on level 7 of the Dungeon.
You were not hungry.

You visited 1 branch of the dungeon, and saw 7 of its levels.

You collected 189 gold pieces.

Inventory:

Hand Weapons
 a - a +4 flail of protection (weapon)
 b - a +1 spear of venom
 j - a +1 halberd of pain
 w - a +0 dagger
 F - a +1 spear of venom
Missiles
 d - 15 javelins (quivered)
 v - 3 throwing nets
Armour
 e - a +0 robe
 m - a +0 scale mail
 s - a +0 ring mail (worn)
 t - a cursed +0 chain mail
Jewellery
 o - a +4 ring of evasion (left hand)
 q - an uncursed ring of fire
Wands
 l - a wand of paralysis (12/24)
 y - a wand of disintegration (6/24)
 z - a wand of disintegration (8/24)
 E - a wand of random effects (27/48)
 I - a wand of acid (12/15)
 L - a wand of iceblast (6/15)
Scrolls
 u - 4 scrolls of identify {unknown}
 x - a scroll of teleportation {unknown}
 B - a scroll of fog {unknown}
 C - a scroll of enchant armour {unknown}
 D - a scroll of remove curse
 G - a scroll of amnesia {unknown}
 N - a scroll of magic mapping {unknown}
Potions
 f - a potion of magic {unknown}
 g - 2 potions of agility {unknown}
 h - a potion of brilliance {unknown}
 i - a potion of flight {unknown}
 r - a potion of resistance {unknown}
 A - a potion of heal wounds {unknown}
 H - a potion of lignification {unknown}
 J - a potion of mutation {unknown}
 K - a potion of haste {unknown}
 O - a potion of invisibility {unknown}
Books
 p - a book of Necromancy

   Spells                             Type                      Level
   a - Pain                           Necromancy                   1
   b - Animate Skeleton               Necromancy                   1
   c - Vampiric Draining              Necromancy                   3
   d - Regeneration                   Charms/Necromancy            3
   e - Animate Dead                   Necromancy                   4
   f - Control Undead                 Necromancy                   4
Comestibles
 c - 4 bread rations
 k - 3 meat rations
 n - a royal jelly
 M - 5 chunks of flesh


   Skills:
 - Level 3.3 Fighting
 + Level 0.4 Armour
 - Level 2.1 Dodging
 - Level 2.4 Stealth
 + Level 6.1 Spellcasting
 + Level 9.4 Necromancy


You had 15 spell levels left.
You knew the following spells:

 Your Spells              Type           Power        Failure   Level  Hunger
a - Pain                  Necr           ####         1%          1    None
v - Vampiric Draining     Necr           #####.....   1%          3    ##.....


Dungeon Overview and Level Annotations

Branches:
Dungeon (7/15)
 Temple: D:4-7

Altars:
Ashenzari
Elyvilon
Kikubaaqudgha
Ru
Uskayaw

Annotations:
D:5 1 runed door, Dowan, Duvessa
D:6 digijack's ghost, novice OpAs


Innate Abilities, Weirdness & Mutations

You are resistant to damage.
You can heal yourself by infusing magical energy.
You passively map a small area around you.
You do not regenerate.


Message History

You sock the orc!
Your weapon exudes an aura of protection.
You kill the orc!
The orc barely misses you. x2
An orc comes into view. It is wielding a club.
You hit the orc.
The orc is severely wounded.
The orc hits you but does no damage. The orc hits you with a mace.
You hit the orc.
The orc is heavily wounded.
The ogre hits you with a giant spiked club!!
* * * LOW HITPOINT WARNING * * *
The orc hits you but does no damage. The orc closely misses you.
The orc misses you.
Unknown command.
You barely miss the orc.
The orc is heavily wounded.
The orc barely misses you.
The ogre hits you with a giant spiked club!
You die...

* **
############
*
#...........,
, ,,
#.Ooo)$....[
, ,,
#.o@##..>..#
*#####*,....#
, ,, .... , ,
, .(. , , *
,*** +## , ,
*+ ,, , * , *
, * * ,* , ,
* , , ,


You could see an ogre and 3 orcs.

Vanquished Creatures
  Prince Ribbit (D:6)
  Edmund (D:4)
  3 sky beasts
  A phantom (D:5)
  3 ogres
  An ice beast (D:6)
  A bullfrog (D:6)
  A gnoll sergeant (D:5)
  2 scorpions
  A bullfrog zombie (D:6)
  A hound (D:5)
  A gnoll shaman (D:4)
  An orc priest (D:7)
  Ijyb (D:3)
  A bullfrog skeleton (D:6)
  Natasha (D:4)
  3 worker ants (D:4)
  12 gnolls
  2 adders
  An adder zombie (D:5)
  2 leopard geckos
  An orc (D:7)
  A giant cockroach (D:2)
  A goblin (D:3)
  2 hobgoblins
  7 jackals
  3 quokkas
  A ball python skeleton (D:5)
  A ball python zombie (D:6)
  2 frilled lizards
  A giant cockroach zombie (D:5)
  3 kobolds
  A rat (D:3)
65 creatures vanquished.

Notes
Turn   | Place    | Note
-------+----------+-------------------------------------------
     0 | D:1      | letownia2 the Deep Dwarf Necromancer began the quest for the Orb.
     0 | D:1      | Reached XP level 1. HP: 15/15 MP: 3/3
   253 | D:2      | Found an ancient bone altar of Kikubaaqudgha.
   269 | D:2      | Reached XP level 2. HP: 20/22 MP: 3/5
   604 | D:4      | Noticed Ijyb
   642 | D:4      | Noticed Natasha
   672 | D:4      | Reached skill level 5 in Necromancy
   672 | D:4      | Reached XP level 3. HP: 26/28 MP: 1/6
   677 | D:4      | Learned a level 3 spell: Vampiric Draining
   743 | D:4      | Found a sacrificial altar of Ru.
   743 | D:4      | Found a hide-covered altar of Uskayaw.
   862 | D:4      | Reached skill level 6 in Necromancy
   862 | D:4      | Reached XP level 4. HP: 32/36 MP: 1/7
   909 | D:4      | Noticed an ogre
   922 | D:4      | Killed an ogre
   922 | D:4      | Reached skill level 1 in Fighting
   922 | D:4      | Reached XP level 5. HP: 40/45 MP: 0/9
  1012 | D:5      | Entered Level 5 of the Dungeon
  1012 | D:5      | Noticed a sky beast
  1041 | D:4      | Killed a sky beast
  1041 | D:4      | Reached XP level 6. HP: 32/52 MP: 0/10
  1181 | D:5      | Noticed Edmund
  1377 | D:4      | Killed Edmund
  1377 | D:4      | Reached skill level 7 in Necromancy
  1632 | D:5      | Noticed Duvessa
  1644 | D:5      | Found a runed door.
  1644 | D:5      | Found a white marble altar of Elyvilon.
  1644 | D:5      | Noticed an angel
  1657 | D:5      | Noticed a sky beast
  1682 | D:5      | Killed a sky beast
  1682 | D:5      | Reached XP level 7. HP: 57/60 MP: 10/13
  1972 | D:5      | Noticed Dowan
  2038 | D:3      | Killed Ijyb
  2269 | D:5      | Reached skill level 8 in Necromancy
  2333 | D:4      | Killed Natasha
  2368 | D:5      | Reached XP level 8. HP: 52/69 MP: 2/15
  2468 | D:6      | Found a shattered altar of Ashenzari.
  2469 | D:6      | Noticed Prince Ribbit
  2493 | D:6      | Reached skill level 5 in Spellcasting
  2505 | D:6      | Killed Prince Ribbit
  2606 | D:6      | Noticed digijack's ghost (novice OpAs)
  2727 | D:6      | Reached skill level 9 in Necromancy
  3040 | D:7      | HP: 2/69 [ogre/giant spiked club (27)]
  3041 | D:7      | Mangled by an ogre

Skill      XL: |  1  2  3  4  5  6  7  8 |
---------------+-------------------------+-----
Spellcasting   | 2 3 4 6 |  6.1
Necromancy     | 5 6 7 8 9 |  9.4
Fighting       | 1 2 3 |  3.3
Armour         | |  0.4
Dodging        | |  2.1
Stealth        | |  2.4

Action                   |  1- 3 |  4- 6 |  7- 9 || total
-------------------------+-------+-------+-------++-------
Melee: Flail             |       |    19 |    42 ||    61
       Spear             |       |     6 |    38 ||    44
Throw: Javelin           |     4 |     4 |     3 ||    11
 Cast: Pain              |    31 |    31 |     9 ||    71
       Vampiric Draining |       |    17 |    36 ||    53
  Use: Scroll            |       |     3 |       ||     3
  Eat: Chunk             |       |     4 |     7 ||    11
Armor: Robe              |     1 |       |       ||     1
       Ring mail         |       |    20 |    48 ||    68
Dodge: Dodged            |     4 |    43 |   146 ||   193
